 Dungeon Crawl Stone Soup version 0.28.0-43-g3370ac3207 (webtiles) character file.

Game seed: 243570890048705022

12 cbfl8 the Sneak (level 2, -1/27 HPs)
             Began as a Minotaur Delver on Mar 23, 2022.
             Was an Initiate of Zin.
             Slain by a gnoll
             ... wielding a +0 spear
              (3 damage)
             ... on level 3 of the Dungeon.
             The game lasted 00:02:40 (852 turns).

cbfl8 the Sneak (Minotaur Delver)                    Turns: 852, Time: 00:02:41

Health: -1/27      AC:  4    Str: 16    XL:     2   Next: 20%
Magic:  1/1        EV: 11    Int:  7    God:    Zin [......]
Gold:   22         SH:  0    Dex: 11    Spells: 1/1 levels left

rFire   . . .      SeeInvis .   a - +0 hand axe
rCold   . . .      Faith    .   (no shield)
rNeg    . . .      Spirit   .   b - +0 leather armour
rPois   .          Reflect  .   l - +1 hat
rElec   .          Harm     .   (no cloak)
rCorr   .          Rampage  .   (no gloves)
Will    .....                   (no boots)
Stlth   ++........              (no amulet)
HPRegen 0.09/turn               (no ring)
MPRegen 0.07/turn               (no ring)

@: no status effects
A: horns 2, retaliatory headbutt
a: Renounce Religion, Donate Gold


You were on level 3 of the Dungeon.
You worshipped Zin.
Zin was noncommittal.
You visited 2 branches of the dungeon, and saw 4 of its levels.

You collected 39 gold pieces.
You donated 17 gold pieces to Zin.

Inventory:

Hand Weapons
 a - a +0 hand axe (weapon)
Armour
 b - a +0 leather armour (worn)
 l - a +1 hat (worn)
Wands
 f - a wand of acid (11)
 g - a wand of digging (3)
 j - a wand of flame (7)
Scrolls
 c - a scroll of fog
 d - a scroll of noise {unknown}
Potions
 h - a potion of degeneration {unknown}
 i - a potion of curing {unknown}
 k - a potion of heal wounds {unknown}


   Skills:
 + Level 3.7 Fighting
 + Level 2.4 Axes
 + Level 0.3 Armour
 + Level 2.2 Dodging
 + Level 4.4 Stealth


You had one spell level left.
You didn't know any spells.
Your spell library contained the following spells:

 Spells                   Type           Power      Damage    Failure   Level
 Gell's Gravitas          Tloc           0%         N/A       86%         3
 Lesser Beckoning         Tloc           0%         N/A       86%         3
 Teleport Other           Tloc           0%         N/A       86%         3


Dungeon Overview and Level Annotations

Branches:
Dungeon (5/15)             Temple (1/1) D:5

Altars:
Ashenzari
Cheibriados
Dithmenos
Elyvilon
Fedhas
Gozag
Kikubaaqudgha
Makhleb
Nemelex Xobeh
Okawaru
Qazlal
Ru
Sif Muna
Trog
Vehumet
Yredelemnul
Zin
The Shining One

Shops:
D:3 ?


Innate Abilities, Weirdness & Mutations

You have a pair of horns on your head.
You reflexively headbutt those who attack you in melee.


Message History

You furiously retaliate!
You headbutt the kobold. You barely miss the kobold.
The kobold is moderately wounded.
The kobold hits you with a +0 whip. The kobold barely misses you.
You furiously retaliate!
You headbutt the kobold!
You kill the kobold!
Things that are here:
a +0 whip; a kobold corpse
Found 6 poisoned darts.
A dart slug comes into view.
Found a fuming emerald potion.
You see here 10 gold pieces.
You pay a tithe of 1 gold.
You now have 22 gold pieces (gained 9). 2 gnolls come into view.
Found a snail-covered altar of Cheibriados.
The gnoll shouts!
You hear a shout! x2
The dart slug launches a dart at you.
The slug dart hits you but does no damage.
You enter the shallow water.
Moving in this stuff is going to be slow.
A gnoll comes into view. It is wielding a +0 spear.
An orc comes into view. It is wielding a +0 club.
The gnoll shouts!
The dart slug launches a dart at you. The slug dart hits you.
Okay, then.
As you read the scroll of fear, it crumbles to dust.
You assume a fearsome visage.
The dart slug looks frightened!
The gnoll looks frightened!
The gnoll hits you from afar with a +0 spear!
The gnoll hits you from afar with a +0 spear.
The gnoll hits you from afar with a +0 spear.
The gnoll barely misses you.
The gnoll hits you from afar with a +0 spear!
* * * LOW HITPOINT WARNING * * *
There is an escape hatch in the ceiling here.
The gnoll hits you from afar with a +0 spear.
* * * LOW HITPOINT WARNING * * *
The gnoll hits you from afar with a +0 spear.
You die...

....##.##.######...##.._..##..#
....##..#.# #.#..#.).))#..##
.......g..# #.#...........#
...####.### #.##...###...##
####.### #8###...#...##
#......######.####.....##
#..###.......∩...####..#
####.## ##.##.g.....# ##.#
.....# #.##.g.@.).# #.# .....##
##..........# #.#
......###..##...8...# #.#
####.......##.......# #.#
#....###..........# #.#
#..###...#.######## #.#
####..##.#....# #.#
###..###.......# #.#
#..###.#..#....# #.#


You could see 2 gnolls.

Vanquished Creatures
  An adder (D:5)
  A quokka (D:5)
  3 kobolds (D:3)
5 creatures vanquished.

Vanquished Creatures (others)
  A quokka (D:5)
1 creature vanquished.

Grand Total: 6 creatures vanquished

Notes
Turn   | Place    | Note
-------+----------+-------------------------------------------
     0 | D:5      | cbfl8 the Minotaur Delver began the quest for the Orb.
     0 | D:5      | Reached XP level 1. HP: 19/19 MP: 0/0
     6 | D:5      | Found a white marble altar of Elyvilon.
    73 | D:5      | Found a staircase to the Ecumenical Temple.
    95 | Temple   | Entered the Ecumenical Temple
   222 | Temple   | Became a worshipper of Zin the Law-Giver
   285 | D:5      | Noticed an iguana
   324 | D:4      | Noticed an orc wizard
   336 | D:5      | Reached XP level 2. HP: 22/27 MP: 1/1
   399 | D:5      | Donated 14 gold pieces to Zin
   483 | D:3      | Found an iron altar of Okawaru.
   540 | D:3      | Found Jocui's Magic Scroll Shoppe.
   816 | D:3      | Found a snail-covered altar of Cheibriados.
   852 | D:3      | Slain by a gnoll

Illustrated notes

Levels and vault maps discovered:
D:3:      layout_loops_cross, okawaru_ov_weapons_minmay,
          nzn_wu_jian_council_hall, kennysheep_slug_shrine, serial_shops,
          shop_statue, grunt_decor_clamped
D:4:      layout_basic, serial_shops, shop
D:5:      layout_rooms, elyvilon_altar_4, temple_pool_b
Temple:   regret_index_temple_waves

Action                   || total
-------------------------++-------
Melee: Hand axe          ||    14
Invok: Donate Gold       ||     1
  Use: Scroll            ||     2
       Potion            ||     1
Armor: Leather armour    ||     3
Dodge: Dodged            ||    10
